 Seeded DCSS version 0.31-a0-675-g238779eb0a (webtiles) character file.

Game seed: 2073144992865615777 (custom seed)

37 Mickster the Chopper (level 3, -3/3 HPs)
             Began as a Hill Orc Berserker on Sept 6, 2023.
             Was a Believer of Trog.
             Slain by a kobold
             ... wielding a +0 dagger
              (4 damage)
             ... on level 2 of the Dungeon.
             The game lasted 00:08:09 (1396 turns).

Mickster the Chopper (Hill Orc Berserker)           Turns: 1396, Time: 00:08:10

Health: -3/3       AC:  0    Str: 21    XL:     3   Next: 41%
Magic:  3/3        EV: 12    Int: 13    God:    Trog [**....]
Gold:   90         SH:  0    Dex: 10    Spells: 2/2 levels left

rFire   . . .        a - melded +0 hand axe
rCold   . . .        (shield currently unavailable)
rNeg    . . .        m - melded +0 scale mail
rPois   ∞            o - melded +2 hat
rElec   +            l - melded +0 cloak
rCorr   .            (gloves currently unavailable)
SInv    .            (boots currently unavailable)
Will    .....        (no amulet)
Stlth   +            k - +6 ring of intelligence
HPRegen 0.20/turn    (no ring)
MPRegen 0.08/turn

%: no passive effects
@: storm-form, flying
A: cleaving, insubstantial, flying, reduced hp
a: Blinkbolt, Begin Untransformation, Renounce Religion, Berserk, Trog's Hand


You were on level 2 of the Dungeon.
You worshipped Trog.
Trog was pleased with you.
You were a lightning-filled tempest!
You visited 1 branch of the dungeon, and saw 2 of its levels.

You collected 90 gold pieces.

Inventory:

Hand Weapons
 a - a +0 hand axe (melded)
Missiles
 d - 27 stones
Armour
 b - a +0 animal skin
 e - a +0 leather armour
 l - a +0 cloak (melded)
 m - a +0 scale mail (melded)
 o - a +2 hat (melded)
Jewellery
 k - a +6 ring of intelligence (left fist)
Talismans
 r - a storm talisman (active)
Scrolls
 n - 3 scrolls of vulnerability
 q - a scroll of identify {unknown}
 s - a scroll of enchant weapon {unknown}
Potions
 c - a potion of ambrosia {unknown}
 f - 2 potions of curing {unknown}
 g - a potion of heal wounds {unknown}
 h - a potion of lignification {unknown}
 i - a potion of berserk rage {unknown}
 j - a potion of might {unknown}
 p - a potion of haste {unknown}
 t - a potion of enlightenment {unknown}


   Skills:
 + Level 4.2 Fighting
 + Level 4.9 Axes
 + Level 2.4 Armour
 + Level 1.8 Dodging


You had 2 spell levels left.
You didn't know any spells.
Your spell library was empty.

Dungeon Overview and Level Annotations

Branches:
Dungeon (2/15)

Altars:


Message History

Trog accepts your kill.
You can now call upon Trog for regeneration and willpower.
Things that are here:
a +0 dagger; a goblin corpse You now have 67 gold pieces (gained 6).
You see here a storm talisman.
r - a storm talisman You begin transforming.
You continue transforming. x3
You turn into a lightning-filled tempest!
Your +0 hand axe melds into your body.
Your +0 cloak melds into your body.
Your +2 hat melds into your body.
Your +0 scale mail melds into your body.
n - 3 scrolls of vulnerability (gained 1)
Found 11 gold pieces.
You now have 78 gold pieces (gained 11).
You now have 90 gold pieces (gained 12).
s - a scroll labelled DUREVE LASTEIRPH
t - a yellow potion 3 kobolds come into view.
Found a rat skeleton.
The kobold shouts! x3; You hear a shout!
You hear an angry hiss.
The kobold throws a stone.
The stone hits you.
Ouch! That really hurt!
The kobold moves out of view. 2 kobolds come into view.
The kobold shouts! x2
The kobold throws a stone.
The stone closely misses you.
Found two frilled lizard skeletons.
You hit the kobold. Lightning courses through the kobold!
You kill the kobold!
Trog accepts your kill.
You hit the plant.
The plant begins to die.
Lightning courses through the plant! You hit the plant.
The plant begins to die.
Lightning courses through the plant! You barely miss the kobold.
You hit the plant but do no damage. Lightning courses through the plant!
You hit the plant.
The kobold hits the plant with a +0 short sword.
The kobold hits you with a +0 dagger.
Ouch! That really hurt!
You die...

*,,,,,,,,♣######.#####
#♣P..÷.÷P♣######.#####
*P.......♣ #.#
*♣...§..~♣ #.#
♣.......* #.#
♣P..K..P* #.#


♣PPKK.P#* #.# *#PPKP#* #.# *##v##########.# #.............# #######.####### #.#
### You could see 4 kobolds.

Vanquished Creatures
  A dart slug (D:1)
  5 ball pythons
  4 endoplasms
  A giant cockroach (D:1)
  5 goblins
  4 hobgoblins (D:1)
  3 jackals (D:1)
  A kobold (D:2)
  A quokka (D:2)
  A bat (D:2)
  3 rats
29 creatures vanquished.

Notes
Turn   | Place    | Note
-------+----------+-------------------------------------------
     0 | D:1      | Mickster the Hill Orc Berserker began the quest for the
                  | Orb.
     0 | D:1      | Reached XP level 1. HP: 19/19 MP: 1/1
   241 | D:1      | Reached XP level 2. HP: 23/27 MP: 2/2
   437 | D:1      | Found a faded altar of an unknown god.
   438 | D:1      | Noticed a great orb of eyes
   444 | D:1      | Noticed an eye of devastation
   444 | D:1      | Noticed a golden eye
   444 | D:1      | Noticed a great orb of eyes
   539 | D:1      | Reached XP level 3. HP: 23/33 MP: 3/3
  1235 | D:2      | Reached ** piety under Trog
  1396 | D:2      | Slain by a kobold

Illustrated notes

Levels and vault maps discovered:
D:1:      dpeg_arrival_three_same_balls, layout_rooms,
          hellmonk_ecumenical_altar_watching_god
D:2:      layout_basic, lexackson_kobold_supper

Skill      XL: |  1  2 |
---------------+-------+-----
Fighting       | 4 |  4.2
Axes           | |  4.9
Armour         | |  2.4
Dodging        | |  1.8

Action                     || total
---------------------------++-------
  Melee: Hand axe          ||    73
         Unarmed           ||     2
 Invoke: Berserk           ||     1
    Use: Scroll            ||     4
 Armour: Leather armour    ||    27
         Animal skin       ||     4
         Scale mail        ||    15
         Skin              ||     2
  Dodge: Dodged            ||    37
   Form: Storm             ||     1

Table legend: (Time is in decaauts)
 A = Elapsed time spent in this place.
 B = Non-inter-level travel time spent in this place.
 C = Inter-level travel time spent in this place.
 D = Time resting spent in this place.
 E = Time spent auto-exploring this place.
 F = Levels seen in this place.
 G = Mean time per level.
                   A        B        C        D        E       F      G
               +--------+--------+--------+--------+--------+-----+--------+
         Total |   1412 |   1373 |     39 |     40 |    865 |   2 |  706.0 |
       Dungeon |   1412 |   1373 |     39 |     40 |    865 |   2 |  706.0 |
               +--------+--------+--------+--------+--------+-----+--------+

Top non-repeatable levels by time:
     D:1: 746 daAuts
     D:2: 665 daAuts
